[Event "Austrian Youth-ch U18 Boys 2024"]
[Site "Leibnitz"]
[Date "2024.03.25"]
[Round "3.1"]
[White "Marakovits, Nico"]
[Black "Gschiel, Alexander"]
[Result "0-1"]
[ECO "A18"]
[WhiteElo "2234"]
[BlackElo "2336"]
[Annotator "RC"]
[PlyCount "84"]
[EventDate "2024.03.23"]
[EventType "swiss"]
[EventCountry "AUT"]
[SourceTitle "playchess.com"]
[Source "ChessBase"]
[SourceQuality "1"]
[TimeControl "5400+30"]

1. c4 e6 2. Nc3 Nf6 3. e4 Nc6 4. Nf3 d5 5. cxd5 exd5 6. e5 Ne4 7. d3 Nxc3 8. bxc3 d4 9. cxd4 Nxd4 10. Qa4+ Nc6 11. Bd2 Bc5 12. Rc1 Bb6 13. Be2 O-O 14. Bc3 Be6 15. O-O Qd7 16. Qh4 Bxa2 17. Ng5 h6 18. Ne4 Nd4 19. Bg4 Be6 20. Bxd4 Bxd4 21. Bxe6 Qxe6 22. Rxc7 Qxe5 23. Rxb7 a5 24. Nd2 Qd5 25. Qe7 Bf6 26. Qe4 Qxe4 27. Nxe4 Bd4 28. Rb3 Rfb8 29. Rfb1 Rc8 30. g4 g6 31. Ra3 f5 32. gxf5 gxf5 33. Nd6 Bc5 34. Nxc8 Bxa3 35. Rb3 Bf8 36. Rc3 a4 37. Nb6 Ra6 38. Nc4 a3 39. Ne3 a2 40. Nc2 Rb6 41. Rc8 Rb2 42. Kg2 Rxc2 0-1

[Event "Austrian Youth-ch U18 Boys 2024"]
[Site "Leibnitz"]
[Date "2024.03.25"]
[Round "3.2"]
[White "Balint, Peter"]
[Black "Wendl, Philipp"]
[Result "1-0"]
[ECO "C12"]
[WhiteElo "2345"]
[BlackElo "2237"]
[Annotator "RC"]
[PlyCount "67"]
[EventDate "2024.03.23"]
[EventType "swiss"]
[EventCountry "AUT"]
[SourceTitle "playchess.com"]
[Source "ChessBase"]
[SourceQuality "1"]
[TimeControl "5400+30"]

1. e4 e6 2. d4 d5 3. Nc3 Nf6 4. Bg5 h6 5. Bxf6 Qxf6 6. a3 c6 7. Nf3 Qd8 8. Bd3 Be7 9. Qe2 Nd7 10. h4 b6 11. O-O-O Bb7 12. Kb1 Qc7 13. Rh3 dxe4 14. Nxe4 Nf6 15. Ne5 Rd8 16. c3 c5 17. f4 cxd4 18. cxd4 Nxe4 19. Bxe4 Bxe4+ 20. Qxe4 Bf6 21. Ng4 Qd6 22. d5 Be7 23. Rhd3 O-O 24. Ne3 Bf6 25. g4 Rfe8 26. g5 exd5 27. Qf5 Bxb2 28. Kxb2 Qc5 29. Nxd5 Re2+ 30. R1d2 Qb5+ 31. Ka1 Re1+ 32. Rd1 Rxd1+ 33. Rxd1 Kh8 34. gxh6 1-0

[Event "Austrian Youth-ch U18 Boys 2024"]
[Site "Leibnitz"]
[Date "2024.03.25"]
[Round "3.3"]
[White "Hofstadler, Mario"]
[Black "Borrmann, Laurenz"]
[Result "0-1"]
[ECO "E05"]
[WhiteElo "2104"]
[BlackElo "2311"]
[Annotator "RC"]
[PlyCount "58"]
[EventDate "2024.03.23"]
[EventType "swiss"]
[EventCountry "AUT"]
[SourceTitle "playchess.com"]
[Source "ChessBase"]
[SourceQuality "1"]
[TimeControl "5400+30"]

1. d4 e6 2. Nf3 Nf6 3. c4 d5 4. g3 Be7 5. Bg2 O-O 6. O-O dxc4 7. Qc2 b5 8. a4 b4 9. Nfd2 Nd5 10. Nxc4 c5 11. dxc5 Ba6 12. Ne3 Nd7 13. Nxd5 exd5 14. Rd1 Rc8 15. c6 Ne5 16. Bxd5 Nxc6 17. Bxf7+ Rxf7 18. Rxd8+ Bxd8 19. Be3 Nd4 20. Qxc8 Nxe2+ 21. Kf1 Nxg3+ 22. Kg2 Bxc8 23. hxg3 Bf6 24. Nd2 Bxb2 25. Rd1 Rd7 26. Rb1 Bb7+ 27. f3 Be5 28. Nc4 Bc3 29. Bxa7 Ba6 0-1

[Event "Austrian Youth-ch U18 Boys 2024"]
[Site "Leibnitz"]
[Date "2024.03.25"]
[Round "3.4"]
[White "Lerch, Johannes"]
[Black "Zaytsev, Alexander"]
[Result "1/2-1/2"]
[ECO "A11"]
[WhiteElo "2258"]
[BlackElo "2018"]
[Annotator "RC"]
[PlyCount "57"]
[EventDate "2024.03.23"]
[EventType "swiss"]
[EventCountry "AUT"]
[SourceTitle "playchess.com"]
[Source "ChessBase"]
[SourceQuality "1"]
[TimeControl "5400+30"]

1. Nf3 d5 2. g3 Nf6 3. Bg2 c6 4. O-O Bf5 5. c4 e6 6. Qb3 Qb6 7. d3 Nbd7 8. Qc2 h6 9. cxd5 cxd5 10. Be3 Bc5 11. Bxc5 Nxc5 12. Nc3 O-O 13. b4 Ncd7 14. a3 Rac8 15. Qb3 Bg6 16. Na4 Qd6 17. Rfc1 Rc7 18. Rc3 Rfc8 19. Rac1 b5 20. Nb2 e5 21. Ne1 Bh5 22. Kf1 e4 23. d4 Nb6 24. Rxc7 Rxc7 25. Rxc7 Qxc7 26. Qc2 Nc4 27. Nxc4 bxc4 28. Qc3 Qd7 29. Qc2 1/2-1/2

[Event "Austrian Youth-ch U18 Boys 2024"]
[Site "Leibnitz"]
[Date "2024.03.25"]
[Round "3.5"]
[White "Hengl, Philip"]
[Black "Miazhynski, Michael"]
[Result "1/2-1/2"]
[ECO "B12"]
[WhiteElo "2145"]
[BlackElo "2178"]
[Annotator "RC"]
[PlyCount "82"]
[EventDate "2024.03.23"]
[EventType "swiss"]
[EventCountry "AUT"]
[SourceTitle "playchess.com"]
[Source "ChessBase"]
[SourceQuality "1"]
[TimeControl "5400+30"]

1. e4 c6 2. d4 d5 3. e5 Bf5 4. Nf3 e6 5. Be2 Nd7 6. O-O a6 7. Be3 h6 8. Nbd2 Ne7 9. Nb3 Bh7 10. Bd3 Bxd3 11. Qxd3 Nf5 12. Nfd2 c5 13. dxc5 Nxe5 14. Qe2 Nc6 15. Rad1 Qf6 16. c3 Be7 17. Nf3 O-O 18. Bd4 Qg6 19. Ne5 Nxe5 20. Bxe5 Rac8 21. Na5 Rxc5 22. b4 Rcc8 23. Nxb7 Rc4 24. f3 Bf6 25. Na5 Bxe5 26. Nxc4 Bxc3 27. Ne5 Qg5 28. f4 Qh4 29. g3 Qd8 30. Qxa6 Bxb4 31. Rc1 Bd2 32. Rb1 Be3+ 33. Kg2 d4 34. Kh3 Bd2 35. Rfd1 Bxf4 36. gxf4 Qh4+ 37. Kg2 Qxf4 38. Nf3 Ne3+ 39. Kf2 Ng4+ 40. Kg2 Ne3+ 41. Kf2 Ng4+ 1/2-1/2

[Event "Austrian Youth-ch U18 Boys 2024"]
[Site "Leibnitz"]
[Date "2024.03.25"]
[Round "3.6"]
[White "Kienboeck, Benjamin"]
[Black "Karner, Daniel"]
[Result "1-0"]
[ECO "B12"]
[WhiteElo "2219"]
[BlackElo "1935"]
[Annotator "RC"]
[PlyCount "99"]
[EventDate "2024.03.23"]
[EventType "swiss"]
[EventCountry "AUT"]
[SourceTitle "playchess.com"]
[Source "ChessBase"]
[SourceQuality "1"]
[TimeControl "5400+30"]

1. e4 c6 2. d4 d5 3. e5 Bf5 4. h4 h5 5. c4 e6 6. Nc3 Ne7 7. Nge2 Nd7 8. Ng3 Bg6 9. Be3 Qc7 10. Rc1 dxc4 11. Bxc4 O-O-O 12. Qe2 Nb6 13. Bb3 Kb8 14. O-O Nf5 15. Nxf5 Bxf5 16. Rfd1 Qd7 17. a4 Be7 18. a5 Nd5 19. a6 b6 20. Ba4 Rc8 21. Bg5 Bxg5 22. hxg5 g6 23. Rd2 Qe7 24. Ne4 Bxe4 25. Qxe4 Qb4 26. Qc2 c5 27. Qd1 c4 28. Bc2 c3 29. bxc3 Nxc3 30. Qf3 Nd5 31. Rdd1 Qe7 32. Bb3 Qd7 33. Bxd5 exd5 34. Qf4 Qe6 35. Qf3 Rxc1 36. Rxc1 Rc8 37. Rxc8+ Kxc8 38. Qa3 Kd8 39. Qf8+ Qe8 40. Qd6+ Qd7 41. Qf6+ Qe7 42. Qh8+ Qe8 43. Qg7 Qe7 44. g3 Qe6 45. Qf8+ Qe8 46. Qd6+ Qd7 47. Qb8+ Ke7 48. Kg2 h4 49. e6 fxe6 50. gxh4 1-0

[Event "Austrian Youth-ch U18 Boys 2024"]
[Site "Leibnitz"]
[Date "2024.03.25"]
[Round "3.7"]
[White "Ernst, Robert"]
[Black "Schilcher, Elias"]
[Result "1-0"]
[ECO "D36"]
[WhiteElo "2332"]
[BlackElo "1790"]
[Annotator "RC"]
[PlyCount "39"]
[EventDate "2024.03.23"]
[EventType "swiss"]
[EventCountry "AUT"]
[SourceTitle "playchess.com"]
[Source "ChessBase"]
[SourceQuality "1"]
[TimeControl "5400+30"]

1. d4 d5 2. c4 e6 3. Nc3 Nf6 4. cxd5 exd5 5. Bg5 c6 6. e3 h6 7. Bh4 Nbd7 8. Bd3 Be7 9. Qc2 Ng4 10. Bg3 Bh4 11. Bxh4 Qxh4 12. h3 Nde5 13. dxe5 Nxe3 14. Qd2 Nxg2+ 15. Kd1 d4 16. Ne4 Bg4+ 17. Kc2 O-O 18. Rh2 Bf5 19. Nf6+ Kh8 20. Bxf5 1-0

[Event "Austrian Youth-ch U18 Boys 2024"]
[Site "Leibnitz"]
[Date "2024.03.25"]
[Round "3.8"]
[White "Pedevilla, Luis"]
[Black "Kuti, Oliver"]
[Result "0-1"]
[ECO "B23"]
[WhiteElo "1845"]
[BlackElo "2006"]
[Annotator "RC"]
[PlyCount "50"]
[EventDate "2024.03.23"]
[EventType "swiss"]
[EventCountry "AUT"]
[SourceTitle "playchess.com"]
[Source "ChessBase"]
[SourceQuality "1"]
[TimeControl "5400+30"]

1. e4 c5 2. Nc3 d6 3. f4 g6 4. Nf3 Bg7 5. Bc4 Nc6 6. O-O e6 7. d3 Nge7 8. Qe1 O-O 9. Qh4 d5 10. Bb3 Nd4 11. g4 Nec6 12. Qh3 c4 13. f5 Nxf3+ 14. Rxf3 cxb3 15. Bh6 Ne5 16. Rg3 bxc2 17. Rf1 b6 18. Bxg7 Kxg7 19. g5 Nf3+ 20. Kg2 Nxg5 21. Qg4 exf5 22. exf5 Bxf5 23. Qf4 d4 24. Ne2 Qd5+ 25. Kf2 Nh3+ 0-1

[Event "Austrian Youth-ch U18 Boys 2024"]
[Site "Leibnitz"]
[Date "2024.03.26"]
[Round "4.1"]
[White "Gschiel, Alexander"]
[Black "Balint, Peter"]
[Result "0-1"]
[ECO "A30"]
[WhiteElo "2336"]
[BlackElo "2345"]
[Annotator "RC"]
[PlyCount "106"]
[EventDate "2024.03.23"]
[EventType "swiss"]
[EventCountry "AUT"]
[SourceTitle "playchess.com"]
[Source "ChessBase"]
[SourceQuality "1"]
[TimeControl "5400+30"]

1. Nf3 Nf6 2. c4 c5 3. g3 Nc6 4. Bg2 d6 5. d4 cxd4 6. Nxd4 Bd7 7. O-O g6 8. b3 Bg7 9. Bb2 Qc8 10. Nc3 Bh3 11. Nd5 Ne5 12. Nc7+ Qxc7 13. Bxh3 a6 14. Rc1 O-O 15. Qc2 Ned7 16. b4 Rac8 17. Qb3 Qb8 18. Rc2 Rc7 19. Rfc1 Rfc8 20. Qe3 e6 21. Nf3 b5 22. Qd3 bxc4 23. Rxc4 Rxc4 24. Rxc4 Rxc4 25. Qxc4 d5 26. Qxa6 Qxb4 27. Qc8+ Nf8 28. Qc3 Qb5 29. Nd4 Qa6 30. Qa3 Qb6 31. Qb3 Qa5 32. Bc3 Qa6 33. e3 Ne4 34. Bf1 Qa8 35. Bb4 Nd7 36. Bb5 Ne5 37. a4 Nc4 38. a5 Ned2 39. Qd3 Bxd4 40. Bxd2 Nxd2 41. exd4 Qxa5 42. f3 Nxf3+ 43. Qxf3 Qxb5 44. Qf6 Qb1+ 45. Kg2 Qf5 46. Qd8+ Kg7 47. Qb6 e5 48. dxe5 Qxe5 49. Qb3 Qe2+ 50. Kg1 d4 51. Qd5 Qe3+ 52. Kg2 d3 53. g4 d2 0-1

[Event "Austrian Youth-ch U18 Boys 2024"]
[Site "Leibnitz"]
[Date "2024.03.26"]
[Round "4.2"]
[White "Borrmann, Laurenz"]
[Black "Ernst, Robert"]
[Result "1-0"]
[ECO "B52"]
[WhiteElo "2311"]
[BlackElo "2332"]
[Annotator "RC"]
[PlyCount "153"]
[EventDate "2024.03.23"]
[EventType "swiss"]
[EventCountry "AUT"]
[SourceTitle "playchess.com"]
[Source "ChessBase"]
[SourceQuality "1"]
[TimeControl "5400+30"]

1. e4 c5 2. Nf3 d6 3. Bb5+ Bd7 4. Bxd7+ Qxd7 5. O-O Nc6 6. c3 Nf6 7. Qe2 e6 8. d4 cxd4 9. cxd4 d5 10. e5 Ng8 11. b3 Nge7 12. Ba3 Nf5 13. Bxf8 Kxf8 14. Qd2 h5 15. Nc3 g5 16. Qxg5 Ncxd4 17. Nxd4 Nxd4 18. Qf4 Nf5 19. Rfd1 Ne7 20. Ne4 Ng6 21. Qg5 Qd8 22. Nf6 Rc8 23. Rac1 Rxc1 24. Rxc1 h4 25. h3 Kg7 26. Qg4 Kh6 27. Qd4 Qb6 28. Rc5 Kg7 29. Qc3 Qa6 30. Qd2 Qb6 31. b4 Nxe5 32. Ng4 Rh5 33. Nxe5 Rxe5 34. Qd4 f6 35. Qg4+ Rg5 36. Qxh4 Qd8 37. Qd4 Qd7 38. f4 Rg3 39. f5 b6 40. fxe6 Qxe6 41. Rxd5 Qe2 42. Rd7+ Kg6 43. Qd5 Kh6 44. Rd8 Rg5 45. Rh8+ Kg6 46. Qg8+ Kf5 47. Qc8+ Kg6 48. Rg8+ Kh7 49. Rxg5 Qe3+ 50. Kh2 fxg5 51. Qc7+ Kg6 52. Qd6+ Kg7 53. Qg3 Qe7 54. h4 Qxb4 55. Qxg5+ Kh7 56. h5 Qd6+ 57. Kh3 Qe6+ 58. Kh4 Qxa2 59. Qf5+ Kh8 60. Qf6+ Kh7 61. Qe7+ Kh6 62. Qe3+ Kh7 63. g4 Qh2+ 64. Kg5 Qd6 65. Qe4+ Kg7 66. Qb7+ Kg8 67. Qa8+ Qf8 68. Qxf8+ Kxf8 69. Kf6 a5 70. h6 Kg8 71. g5 a4 72. g6 a3 73. h7+ Kh8 74. g7+ Kxh7 75. Kf7 a2 76. g8=Q+ Kh6 77. Qg6# 1-0

[Event "Austrian Youth-ch U18 Boys 2024"]
[Site "Leibnitz"]
[Date "2024.03.26"]
[Round "4.3"]
[White "Miazhynski, Michael"]
[Black "Lerch, Johannes"]
[Result "1/2-1/2"]
[ECO "C02"]
[WhiteElo "2178"]
[BlackElo "2258"]
[Annotator "RC"]
[PlyCount "60"]
[EventDate "2024.03.23"]
[EventType "swiss"]
[EventCountry "AUT"]
[SourceTitle "playchess.com"]
[Source "ChessBase"]
[SourceQuality "1"]
[TimeControl "5400+30"]

1. e4 e6 2. d4 d5 3. e5 c5 4. c3 Nc6 5. Nf3 Bd7 6. Be2 f6 7. O-O fxe5 8. dxe5 Qc7 9. Bf4 Nh6 10. Re1 Nf7 11. Nbd2 Be7 12. Bg3 g5 13. h3 O-O-O 14. c4 d4 15. Ne4 h5 16. Nfd2 h4 17. Bh2 Nfxe5 18. Nb3 Qb6 19. Rb1 Rhf8 20. a3 Rf4 21. Bxf4 gxf4 22. Nbxc5 Bxc5 23. b4 Be7 24. c5 Qc7 25. b5 Rg8 26. bxc6 Bxc6 27. Bg4 Nxg4 28. hxg4 e5 29. Qb3 Re8 30. g5 Kb8 1/2-1/2

[Event "Austrian Youth-ch U18 Boys 2024"]
[Site "Leibnitz"]
[Date "2024.03.26"]
[Round "4.4"]
[White "Wendl, Philipp"]
[Black "Hengl, Philip"]
[Result "1-0"]
[ECO "D41"]
[WhiteElo "2237"]
[BlackElo "2145"]
[Annotator "RC"]
[PlyCount "71"]
[EventDate "2024.03.23"]
[EventType "swiss"]
[EventCountry "AUT"]
[SourceTitle "playchess.com"]
[Source "ChessBase"]
[SourceQuality "1"]
[TimeControl "5400+30"]

1. c4 e6 2. Nc3 d5 3. d4 Nf6 4. cxd5 Nxd5 5. e4 Nxc3 6. bxc3 c5 7. Nf3 cxd4 8. cxd4 Bb4+ 9. Bd2 Bxd2+ 10. Qxd2 O-O 11. Bc4 Nd7 12. O-O b6 13. Rfe1 Bb7 14. Rad1 Rc8 15. Bb3 h6 16. h3 Qf6 17. Qe3 Rfe8 18. Rc1 Qe7 19. Qd3 Qa3 20. Rcd1 Red8 21. Qe3 a5 22. d5 exd5 23. Nd4 Nc5 24. e5 Ne6 25. Nxe6 fxe6 26. Bxd5 Qe7 27. Bb3 b5 28. Qb6 Bd5 29. Bxd5 exd5 30. Qxb5 Rc5 31. Qb6 d4 32. Qb3+ Kh8 33. e6 Rcd5 34. Rd3 R8d6 35. Qc2 Rb5 36. Rf3 1-0

[Event "Austrian Youth-ch U18 Boys 2024"]
[Site "Leibnitz"]
[Date "2024.03.26"]
[Round "4.5"]
[White "Zaytsev, Alexander"]
[Black "Marakovits, Nico"]
[Result "1/2-1/2"]
[ECO "B33"]
[WhiteElo "2018"]
[BlackElo "2234"]
[Annotator "RC"]
[PlyCount "82"]
[EventDate "2024.03.23"]
[EventType "swiss"]
[EventCountry "AUT"]
[SourceTitle "playchess.com"]
[Source "ChessBase"]
[SourceQuality "1"]
[TimeControl "5400+30"]

1. e4 c5 2. Nf3 Nc6 3. d4 cxd4 4. Nxd4 Nf6 5. Nc3 e5 6. Ndb5 d6 7. Bg5 a6 8. Na3 b5 9. Nd5 Be7 10. Bxf6 Bxf6 11. c4 b4 12. Nc2 O-O 13. g3 a5 14. Bg2 Bg5 15. O-O Ne7 16. Nxe7+ Qxe7 17. Qd3 Be6 18. b3 Qc7 19. Rad1 Rfd8 20. Kh1 Qc5 21. f4 Be7 22. Ne3 f6 23. Nd5 Bf8 24. f5 Bf7 25. Qe2 a4 26. Qf2 Qxf2 27. Rxf2 axb3 28. axb3 Ra3 29. Nxb4 Rxb3 30. Nd5 Rc8 31. Rc1 Rd3 32. Bf1 Rd4 33. Re1 Bh5 34. Kg2 Be8 35. Rb2 Bc6 36. Re3 Rd1 37. Be2 Rc1 38. Reb3 Re1 39. Kf2 Rh1 40. Kg2 Re1 41. Kf2 Rh1 1/2-1/2

[Event "Austrian Youth-ch U18 Boys 2024"]
[Site "Leibnitz"]
[Date "2024.03.26"]
[Round "4.6"]
[White "Kuti, Oliver"]
[Black "Kienboeck, Benjamin"]
[Result "1-0"]
[ECO "B10"]
[WhiteElo "2006"]
[BlackElo "2219"]
[Annotator "RC"]
[PlyCount "79"]
[EventDate "2024.03.23"]
[EventType "swiss"]
[EventCountry "AUT"]
[SourceTitle "playchess.com"]
[Source "ChessBase"]
[SourceQuality "1"]
[TimeControl "5400+30"]

1. e4 c6 2. Nf3 d5 3. exd5 cxd5 4. Ne5 Nc6 5. d4 e6 6. Bb5 Bd7 7. Nxd7 Qxd7 8. c3 Nf6 9. O-O Be7 10. Nd2 a6 11. Bd3 O-O 12. Re1 Rfc8 13. Nf3 Qc7 14. Ne5 Nxe5 15. dxe5 Nd7 16. Bf4 Nf8 17. Qg4 b5 18. a3 Rab8 19. h4 a5 20. h5 Rb6 21. Re3 b4 22. Bh6 g6 23. cxb4 axb4 24. Rg3 Qxe5 25. Bxf8 Bxf8 26. hxg6 hxg6 27. Bxg6 fxg6 28. Qxg6+ Bg7 29. axb4 Rxb4 30. Rg5 Qxg5 31. Qxg5 Rb7 32. Ra6 Re8 33. Qg6 Rbe7 34. b4 e5 35. b5 d4 36. b6 e4 37. b7 Rb8 38. Ra8 Rexb7 39. Qe6+ Kh8 40. Ra5 1-0

[Event "Austrian Youth-ch U18 Boys 2024"]
[Site "Leibnitz"]
[Date "2024.03.26"]
[Round "4.7"]
[White "Wagner, Leopold Franziskus"]
[Black "Hake, Nils"]
[Result "1/2-1/2"]
[ECO "B54"]
[WhiteElo "2228"]
[BlackElo "1992"]
[Annotator "RC"]
[PlyCount "68"]
[EventDate "2024.03.23"]
[EventType "swiss"]
[EventCountry "AUT"]
[SourceTitle "playchess.com"]
[Source "ChessBase"]
[SourceQuality "1"]
[TimeControl "5400+30"]

1. e4 c5 2. Nf3 e6 3. d4 cxd4 4. Nxd4 Nc6 5. Nc3 d6 6. g4 Nge7 7. Bg2 Nxd4 8. Qxd4 Nc6 9. Qd1 Be7 10. Be3 a6 11. h3 b5 12. Ne2 Bb7 13. Qd2 Qa5 14. Qxa5 Nxa5 15. b3 Rc8 16. O-O-O Nc6 17. Kb1 O-O 18. f4 d5 19. c3 dxe4 20. Bxe4 Ba8 21. Rhf1 Rcd8 22. Bb6 Rb8 23. Bc7 Rbc8 24. Bd6 Bxd6 25. Rxd6 Ne7 26. Bxa8 Rxa8 27. Rd7 Nd5 28. f5 Nf6 29. Rb7 Ne4 30. Rd7 e5 31. Kb2 f6 32. h4 Rac8 33. Rfd1 Nc5 34. R7d5 Ne4 1/2-1/2

[Event "Austrian Youth-ch U18 Boys 2024"]
[Site "Leibnitz"]
[Date "2024.03.26"]
[Round "4.8"]
[White "Karner, Daniel"]
[Black "Hofstadler, Mario"]
[Result "1/2-1/2"]
[ECO "A38"]
[WhiteElo "1935"]
[BlackElo "2104"]
[Annotator "RC"]
[PlyCount "144"]
[EventDate "2024.03.23"]
[EventType "swiss"]
[EventCountry "AUT"]
[SourceTitle "playchess.com"]
[Source "ChessBase"]
[SourceQuality "1"]
[TimeControl "5400+30"]

1. c4 g6 2. g3 c5 3. Bg2 Bg7 4. Nc3 Nc6 5. a3 d6 6. Rb1 a5 7. d3 Nf6 8. Nf3 O-O 9. O-O Bf5 10. e4 Bg4 11. h3 Bxf3 12. Bxf3 Ne8 13. Bg2 Nc7 14. Kh2 Rb8 15. Qa4 Ne6 16. f4 Ned4 17. Be3 e6 18. Nb5 Nxb5 19. cxb5 Nd4 20. Bd2 b6 21. Qc4 Qd7 22. a4 Rbd8 23. Qc1 Nb3 24. Qd1 Nd4 25. Bc3 Rfe8 26. Qd2 Rc8 27. b3 Qe7 28. Ba1 Rcd8 29. Rfe1 h5 30. Bc3 Rd7 31. Ba1 Kh7 32. Bc3 Rc8 33. Ba1 Rdc7 34. Rec1 Rd8 35. Re1 Rdc8 36. Rec1 h4 37. g4 e5 38. Bxd4 cxd4 39. Rc4 exf4 40. Bf3 Rc5 41. Kg2 Be5 42. Re1 Qg5 43. Qe2 Kh8 44. Kh1 R8c7 45. Rg1 Bf6 46. Re1 Bg7 47. Rg1 Re7 48. Qf2 Re6 49. Kh2 Kg8 50. Kh1 Re7 51. Kh2 Re8 52. Kh1 Bf6 53. Re1 Qe5 54. Re2 Kg7 55. Kh2 Rxc4 56. bxc4 Qc5 57. Qe1 Qa3 58. Qd1 Be5 59. Kh1 Kf6 60. Kh2 Ke7 61. Kh1 Kd7 62. Kg1 Kc7 63. Kf1 Rf8 64. Kg1 f6 65. Kf1 Qb4 66. Kg1 Rg8 67. Kf1 Qa3 68. Kg1 f5 69. exf5 gxf5 70. Rf2 Qc3 71. Kg2 Rg7 72. Kh1 Qa3 1/2-1/2

[Event "Austrian Youth-ch U18 Boys 2024"]
[Site "Leibnitz"]
[Date "2024.03.26"]
[Round "5.1"]
[White "Balint, Peter"]
[Black "Borrmann, Laurenz"]
[Result "1/2-1/2"]
[ECO "C88"]
[WhiteElo "2345"]
[BlackElo "2311"]
[Annotator "RC"]
[PlyCount "68"]
[EventDate "2024.03.23"]
[EventType "swiss"]
[EventCountry "AUT"]
[SourceTitle "playchess.com"]
[Source "ChessBase"]
[SourceQuality "1"]
[TimeControl "5400+30"]

1. e4 e5 2. Nf3 Nc6 3. Bb5 a6 4. Ba4 Nf6 5. O-O Be7 6. d3 b5 7. Bb3 d6 8. c3 O-O 9. a4 Bb7 10. Re1 Na5 11. Bc2 c5 12. Nbd2 Re8 13. Nf1 Bf8 14. Ng3 Nc6 15. h3 d5 16. Bg5 d4 17. Nf5 h6 18. Bc1 dxc3 19. bxc3 c4 20. dxc4 bxc4 21. Qe2 Na5 22. Rd1 Qc7 23. Ba3 Bxa3 24. Rxa3 Rad8 25. Raa1 Nb3 26. Rab1 Nc5 27. Qxc4 Bxe4 28. Bxe4 Nfxe4 29. Rxd8 Rxd8 30. Re1 Nxf2 31. Nxe5 Rd2 32. Qf4 Nce4 33. Rxe4 Nxe4 34. Qxe4 Rd1+ 1/2-1/2

[Event "Austrian Youth-ch U18 Boys 2024"]
[Site "Leibnitz"]
[Date "2024.03.26"]
[Round "5.2"]
[White "Wendl, Philipp"]
[Black "Gschiel, Alexander"]
[Result "1/2-1/2"]
[ECO "E33"]
[WhiteElo "2237"]
[BlackElo "2336"]
[Annotator "RC"]
[PlyCount "78"]
[EventDate "2024.03.23"]
[EventType "swiss"]
[EventCountry "AUT"]
[SourceTitle "playchess.com"]
[Source "ChessBase"]
[SourceQuality "1"]
[TimeControl "5400+30"]

1. c4 e6 2. Nc3 Nc6 3. d4 Bb4 4. Nf3 Nf6 5. Qc2 d6 6. Bg5 e5 7. d5 Bxc3+ 8. Qxc3 Ne7 9. Bxf6 gxf6 10. e3 Rg8 11. g3 Bg4 12. Be2 Qd7 13. Qc2 O-O-O 14. O-O-O c5 15. Nh4 Bxe2 16. Qxe2 f5 17. Kb1 Ng6 18. Qh5 Nxh4 19. Qxh4 f6 20. b3 Rdf8 21. Qh3 Rg5 22. Rde1 Qf7 23. Kb2 Kc7 24. Re2 b5 25. Rc1 b4 26. Ra1 Qh5 27. Qxh5 Rxh5 28. a3 Kb6 29. axb4 cxb4 30. h4 a5 31. Kc2 Rf7 32. Kd3 Ra7 33. Ra4 Rh6 34. Re1 Rg7 35. Rea1 Ra7 36. R4a2 Rg6 37. Ke2 h5 38. Kf3 Rg4 39. Ra4 Ra6 1/2-1/2

[Event "Austrian Youth-ch U18 Boys 2024"]
[Site "Leibnitz"]
[Date "2024.03.26"]
[Round "5.3"]
[White "Lerch, Johannes"]
[Black "Kuti, Oliver"]
[Result "1-0"]
[ECO "E92"]
[WhiteElo "2258"]
[BlackElo "2006"]
[Annotator "RC"]
[PlyCount "61"]
[EventDate "2024.03.23"]
[EventType "swiss"]
[EventCountry "AUT"]
[SourceTitle "playchess.com"]
[Source "ChessBase"]
[SourceQuality "1"]
[TimeControl "5400+30"]

1. Nf3 Nf6 2. c4 g6 3. Nc3 Bg7 4. e4 d6 5. d4 O-O 6. Be2 e5 7. O-O Nc6 8. d5 Ne7 9. Be3 Nd7 10. Nd2 f5 11. f3 f4 12. Bf2 g5 13. b4 a5 14. bxa5 Ng6 15. Nb3 Nf6 16. c5 h5 17. cxd6 cxd6 18. Nb5 g4 19. Bb6 Qe7 20. Nc7 Rb8 21. Ba7 Qxc7 22. Rc1 Qd8 23. Bxb8 g3 24. Rxc8 Qxc8 25. Bxd6 Rd8 26. Bc5 Nh7 27. Bb6 Ng5 28. Qc1 Nh4 29. Qxc8 Rxc8 30. Rc1 Rxc1+ 31. Nxc1 1-0

[Event "Austrian Youth-ch U18 Boys 2024"]
[Site "Leibnitz"]
[Date "2024.03.26"]
[Round "5.4"]
[White "Hake, Nils"]
[Black "Miazhynski, Michael"]
[Result "1/2-1/2"]
[ECO "A61"]
[WhiteElo "1992"]
[BlackElo "2178"]
[Annotator "RC"]
[PlyCount "49"]
[EventDate "2024.03.23"]
[EventType "swiss"]
[EventCountry "AUT"]
[SourceTitle "playchess.com"]
[Source "ChessBase"]
[SourceQuality "1"]
[TimeControl "5400+30"]

1. d4 Nf6 2. c4 e6 3. Nf3 c5 4. d5 exd5 5. cxd5 d6 6. Nc3 g6 7. Bf4 Bg7 8. Qa4+ Bd7 9. Qb3 b5 10. Bxd6 Qb6 11. Be5 O-O 12. e3 c4 13. Qd1 Na6 14. Be2 Rfe8 15. O-O b4 16. Nb1 Rac8 17. Nbd2 Bb5 18. Rc1 c3 19. bxc3 Rxe5 20. Nxe5 Nxd5 21. Bxb5 Nxc3 22. Rxc3 bxc3 23. Bxa6 Qxa6 24. Ndc4 c2 25. Qxc2 1/2-1/2

[Event "Austrian Youth-ch U18 Boys 2024"]
[Site "Leibnitz"]
[Date "2024.03.26"]
[Round "5.5"]
[White "Sohn, Benedikt"]
[Black "Zaytsev, Alexander"]
[Result "0-1"]
[ECO "D43"]
[WhiteElo "2061"]
[BlackElo "2018"]
[Annotator "NA RC"]
[PlyCount "60"]
[EventDate "2024.03.23"]
[EventType "swiss"]
[EventCountry "AUT"]
[SourceTitle "playchess.com"]
[Source "ChessBase"]
[SourceQuality "1"]
[TimeControl "5400+30"]

1. d4 d5 2. c4 c6 3. Nc3 Nf6 4. Nf3 e6 5. Bg5 h6 6. Bh4 dxc4 7. e4 g5 8. Bg3 b5 9. h4 g4 10. Ne5 Rg8 11. Be2 h5 12. O-O Bb7 13. Qd2 Nbd7 14. Rad1 Nxe5 15. Bxe5 Be7 16. Qf4 Rg6 17. f3 g3 18. Bc7 Qd7 19. b3 Bb4 20. Be5 Qe7 21. Rc1 cxb3 22. Nxb5 Rd8 23. axb3 Kf8 24. Nxa7 Nd7 25. Bc7 Ra8 26. Rc4 e5 27. dxe5 Bd2 28. Bd6 Bxf4 29. Bxe7+ Kxe7 30. Ra1 Be3+ 0-1

[Event "Austrian Youth-ch U18 Boys 2024"]
[Site "Leibnitz"]
[Date "2024.03.26"]
[Round "5.6"]
[White "Marakovits, Nico"]
[Black "Karner, Daniel"]
[Result "1-0"]
[ECO "A58"]
[WhiteElo "2234"]
[BlackElo "1935"]
[Annotator "RC"]
[PlyCount "53"]
[EventDate "2024.03.23"]
[EventType "swiss"]
[EventCountry "AUT"]
[SourceTitle "playchess.com"]
[Source "ChessBase"]
[SourceQuality "1"]
[TimeControl "5400+30"]

1. d4 Nf6 2. c4 c5 3. d5 b5 4. cxb5 a6 5. bxa6 g6 6. Nc3 Bg7 7. e4 O-O 8. a7 Rxa7 9. Nf3 e6 10. Be2 exd5 11. exd5 d6 12. O-O Na6 13. Bc4 Nc7 14. a4 Ba6 15. Bxa6 Rxa6 16. Qd3 Qa8 17. Rd1 Rb8 18. Rb1 Rb3 19. Qc2 Rb8 20. Qd3 Rb3 21. Qe2 Rb8 22. Bg5 Nfxd5 23. Nxd5 Nxd5 24. Rxd5 Qxd5 25. Qxa6 Rxb2 26. Qc8+ Bf8 27. Re1 1-0

[Event "Austrian Youth-ch U18 Boys 2024"]
[Site "Leibnitz"]
[Date "2024.03.26"]
[Round "5.7"]
[White "Ernst, Robert"]
[Black "Gruenwald, Beat"]
[Result "1-0"]
[ECO "A28"]
[WhiteElo "2332"]
[BlackElo "1774"]
[Annotator "RC"]
[PlyCount "69"]
[EventDate "2024.03.23"]
[EventType "swiss"]
[EventCountry "AUT"]
[SourceTitle "playchess.com"]
[Source "ChessBase"]
[SourceQuality "1"]
[TimeControl "5400+30"]

1. c4 e5 2. e3 Nf6 3. Nc3 Nc6 4. Nf3 Bb4 5. Qc2 d6 6. Be2 O-O 7. O-O Bd7 8. d3 Bxc3 9. Qxc3 Re8 10. Nd2 Ne7 11. b4 Ng6 12. Bb2 c6 13. d4 exd4 14. Qxd4 Qe7 15. Rfd1 Qe5 16. Nb3 Qxd4 17. Bxd4 d5 18. Bxf6 gxf6 19. cxd5 cxd5 20. Rxd5 Be6 21. Rd2 Red8 22. Nd4 Rac8 23. Kf1 Kf8 24. Rad1 Ke7 25. Bf3 Rb8 26. Be4 Bc4+ 27. Ke1 Be6 28. f4 Bg4 29. Nf5+ Bxf5 30. Rxd8 Rxd8 31. Bxf5 Rxd1+ 32. Kxd1 Kd6 33. Bxg6 fxg6 34. e4 b5 35. Kd2 1-0